 Dungeon Crawl Stone Soup version 0.28-a0-1594-ga885d4b3d6 (webtiles) character file.

Game seed: 15384381584224027883

465 wilfster70 the Magician (level 7, -3/45 HPs)
             Began as a Djinni Conjurer on Jan 20, 2022.
             Killed from afar by a kobold (4 damage)
             ... with an iceblast
             ... on level 4 of the Dungeon.
             The game lasted 00:08:42 (4085 turns).

wilfster70 the Magician (Djinni Conjurer)           Turns: 4085, Time: 00:08:43

Health: -3/45      AC:  4    Str:  6    XL:     7   Next: 29%
Gold:   117        EV: 12    Int: 21    God:
                   SH:  0    Dex: 12

rFire   + + .      SeeInvis .   a - +1 dagger (protect)
rCold   x . .      Faith    .   (no shield)
rNeg    . . .      Spirit   .   i - +0 robe
rPois   ∞          Reflect  .   (no helmet)
rElec   .          Harm     .   h - +1 cloak
rCorr   .          Rampage  .   (no gloves)
Will    .....                   (boots unavailable)
Stlth   ++........              (no amulet)
HPRegen 0.15/turn               (no ring)
MPRegen 0.00/turn               (no ring)

@: flying
A: sickness immunity, fire resistance 2, cold vulnerability 1, float, innate
caster, hp casting, extra vitality 1
a: no special abilities


You were on level 4 of the Dungeon.
You visited 1 branch of the dungeon, and saw 4 of its levels.

You collected 117 gold pieces.

Inventory:

Hand Weapons
 a - a +1 dagger of protection (weapon)
 b - a +0 hunting sling
Missiles
 c - 87 stones
 d - 4 javelins
 e - 4 poisoned darts
Armour
 h - a +1 cloak (worn)
 i - a +0 robe (worn)
Wands
 k - a wand of acid (6)
Scrolls
 f - a scroll of summoning {unknown}
 j - a scroll of enchant weapon
Potions
 g - a potion of might {unknown}
 l - a potion of curing {unknown}


   Skills:
 - Level 2.1 Dodging
 - Level 1.5 Stealth
 + Level 6.4 Spellcasting


You couldn't memorise any spells.
You knew the following spells:

 Your Spells              Type           Power      Damage    Failure   Level
a - Magic Dart            Conj           100%       1d8       1%          1
b - Searing Ray           Conj           66%        2d6       1%          2
c - Dazzling Flash        Conj/Hex       66%        N/A       1%          3
d - Fulminant Prism       Conj/Hex       16%        3d11      7%          4
e - Iskenderun's Mystic   Conj/Tloc      33%        2d8       7%          4
f - Apportation           Tloc           66%        N/A       1%          1
g - Poisonous Vapours     Pois/Air       66%        N/A       1%          2
h - Call Imp              Summ           33%        N/A       1%          2
Your spell library was empty.

Dungeon Overview and Level Annotations

Branches:
Dungeon (4/15)             Temple (0/1) D:4

Altars:


Innate Abilities, Weirdness & Mutations

You are immune to sickness and miasma.
You are immune to poison.
Your flesh is very heat resistant. (rF++)
You are vulnerable to cold. (rC-)
You float through the air rather than walking.
You learn spells naturally, not from books.
Your magical power is your life essence.
You have superior vitality. (+4 MHP)


Message History

You kill the hound! (Press . to maintain the ray.)
Found a trident and 10 gold pieces.
Found a staircase to the Ecumenical Temple.
f - a scroll labelled SEZU XYTHI A scorpion comes into view.
A hound comes into view.
A kobold comes into view.
It is wielding a +0 whip and carrying a wand of iceblast (10).
Found 23 bolts.
Found a stone staircase leading down.
The kobold drinks a potion.
The kobold flickers and vanishes!
Deactivating autopickup; reactivate with Ctrl-A.
Casting: Searing Ray (safe; 1% risk of failure)
Confirm with . or Enter, or press ? or * to list all spells.
The spell is quite dangerous to miscast (8% risk of failure)!
Continue anyway?
You erupt in a blast of force!
The mystic blast hits the scorpion!
The scorpion is heavily wounded.
The scorpion is knocked back by the mystic blast.
You hear a shout!
Casting: Iskenderun's Mystic Blast (quite dangerous; 8% risk of failure)
Confirm with . or Enter, or press ? or * to list all spells.
Aiming: Searing Ray (safe; 1% risk of failure)
Press: ? - help, Shift-Dir - straight line, f - scorpion
Aim: a scorpion (heavily wounded, 81% to hit)
The searing ray hits the scorpion.
The scorpion is severely wounded. (Press . to maintain the ray.)
The searing ray hits the scorpion.
You kill the scorpion!
You hear a zap.
An iceblast appears from out of thin air!
The mass of ice explodes!
The iceblast engulfs you!!
You feel a painful chill!
You hear a bark!
You hear a zap.
An iceblast appears from out of thin air!
The mass of ice explodes!
The iceblast engulfs you!!
You feel a painful chill!
* * * LOW HITPOINT WARNING * * *
You hear a zap.
An iceblast appears from out of thin air!
The mass of ice explodes!
The iceblast engulfs you.
You die...

####.......{....##.#.#...
...###...######.# ......#
...# #### #{# #.#(###
.#.# ### #.# ...#
##.###.# #..#
#####..)...#
...###...##.###.#
#.###.###.#.###.####
#.††..# #....)..@..#
#####.###.##.##.##.# #
##...###.##.##.# #
#.....##.##.##.# #
#.....##.##.##<# #
#.....##.......# #
#.....#####.)### #
#.....# ##)# ###########
#.#


There were no monsters in sight!

Vanquished Creatures
  A black bear (D:4)
  A phantom (D:4)
  A scorpion (D:4)
  A hound (D:4)
  An orc priest (D:4)
  An iguana (D:3)
  2 orc wizards (D:3)
  2 adders
  3 worms
  2 dart slugs
  11 orcs
  6 ball pythons
  5 endoplasms
  2 giant cockroaches
  6 goblins
  3 hobgoblins
  4 jackals (D:2)
  4 kobolds
  3 quokkas
  6 bats
  A frilled lizard (D:3)
  5 rats
71 creatures vanquished.

Notes
Turn   | Place    | Note
-------+----------+-------------------------------------------
     0 | D:1      | wilfster70 the Djinni Conjurer began the quest for the Orb.
     0 | D:1      | Reached XP level 1. HP: 15/15 MP: 0/0
   367 | D:1      | Reached XP level 2. HP: 17/21 MP: 0/0
   840 | D:2      | Reached XP level 3. HP: 11/25 MP: 0/0
   840 | D:2      | Learned a level 1 spell: Apportation
  1289 | D:2      | Reached skill level 4 in Spellcasting
  1810 | D:2      | Reached XP level 4. HP: 29/31 MP: 0/0
  2275 | D:3      | Reached XP level 5. HP: 25/35 MP: 0/0
  2275 | D:3      | Learned a level 2 spell: Poisonous Vapours
  2919 | D:3      | Reached skill level 5 in Spellcasting
  3683 | D:4      | Noticed a phantom
  3684 | D:4      | Noticed a black bear
  3696 | D:4      | Killed a phantom
  3697 | D:4      | Reached XP level 6. HP: 25/40 MP: 0/0
  3699 | D:4      | Killed a black bear
  3700 | D:4      | Reached skill level 6 in Spellcasting
  3976 | D:4      | Reached XP level 7. HP: 38/45 MP: 0/0
  3976 | D:4      | Learned a level 2 spell: Call Imp
  4054 | D:4      | Found a staircase to the Ecumenical Temple.
  4084 | D:4      | HP: 1/45 [something/iceblast (20)]
  4085 | D:4      | Killed from afar by a kobold

Illustrated notes

Levels and vault maps discovered:
D:1:      dpeg_arrival_line_fractal, layout_rooms, minmay_misc_feat_alley
D:2:      layout_loops_ring
D:3:      layout_basic
D:4:      layout_loops_cross, chequers_temple_overflow_statue_of_worship,
          minmay_temple_entry_sparse_star, minmay_joined_circles

Skill      XL: |  1  2  3  4  5  6 |
---------------+-------------------+-----
Spellcasting   | 4 5 6 |  6.4
Dodging        | |  2.1
Stealth        | |  1.5

Action                   |  1- 3 |  4- 6 |  7- 9 || total
-------------------------+-------+-------+-------++-------
Melee: Dagger            |     5 |    18 |       ||    23
 Cast: Magic Dart        |    38 |     9 |       ||    47
       Searing Ray       |    12 |    30 |     3 ||    45
       Poisonous Vapours |       |     3 |       ||     3
       Iskenderun's Myst |       |     2 |     1 ||     3
  Use: Scroll            |     4 |     1 |       ||     5
 Stab: Sleeping          |       |     2 |       ||     2
Armor: Robe              |     5 |     8 |       ||    13
Dodge: Dodged            |    18 |    23 |       ||    41

Table legend: (Time is in decaauts)
 A = Elapsed time spent in this place.
 B = Non-inter-level travel time spent in this place.
 C = Inter-level travel time spent in this place.
 D = Time resting spent in this place.
 E = Time spent auto-exploring this place.
 F = Levels seen in this place.
 G = Mean time per level.
                   A        B        C        D        E       F      G
               +--------+--------+--------+--------+--------+-----+--------+
         Total |   4083 |   3952 |    131 |   1192 |   1771 |   4 | 1020.8 |
       Dungeon |   4083 |   3952 |    131 |   1192 |   1771 |   4 | 1020.8 |
               +--------+--------+--------+--------+--------+-----+--------+

Top non-repeatable levels by time:
     D:3: 1580 daAuts
     D:2: 1268 daAuts
     D:1: 798 daAuts
     D:4: 435 daAuts
